NCAA
BOSTON COLLEGE EAGLES @ STANFORD CARDINAL
05/12/2024
 
TOP OF THE 1ST
Boston College Eagles batting - Pitching for Stanford Cardinal : RHP Cooper Tillman
Pitching: RHP Cooper Tillman
Batting: RHB Kane Cooper 0-0: Called Strike
0-1: Called Strike
0-2: Strikes out swinging
Batting: RHB Emory Brooks 0-0: Ball
1-0: Swinging Strike
1-1: Foul Ball, location: 2F
1-2: Foul Ball, location: 2F
1-2: Strikes out swinging
Batting: LHB Dave Cook 0-0: Ball
1-0: Ball
2-0: Ball
3-0: Called Strike
3-1: SOLO HOME RUN (Line Drive, 89XD), Distance : 385 ft
Batting: RHB Vernon Sterling 0-0: Called Strike
0-1: Ball
1-1: SOLO HOME RUN (Flyball, 7D), Distance : 342 ft
Batting: RHB Mike Martin 0-0: Ball
1-0: Ball
2-0: Fly out, F3 (Popup, 13S)
Top of the 1st over - 2 run(s), 2 hit(s), 0 error(s), 0 left on base; Boston College 2 - Stanford 0
BOTTOM OF THE 1ST
Stanford Cardinal batting - Pitching for Boston College Eagles : RHP Ron McDonald
Pitching: RHP Ron McDonald
Batting: SHB Dave Henley 0-0: Called Strike
0-1: Ground out U3 (Groundball, 3L)
Batting: LHB Alberto Roberts 0-0: Swinging Strike
0-1: Ball
1-1: Ball
2-1: Swinging Strike
2-2: Strikes out swinging
Batting: LHB Frank Young 0-0: Fly out, F7 (Flyball, 7LS)
Bottom of the 1st over - 0 run(s), 0 hit(s), 0 error(s), 0 left on base; Boston College 2 - Stanford 0
TOP OF THE 2ND
Boston College Eagles batting - Pitching for Stanford Cardinal : RHP Cooper Tillman
Batting: SHB Felipe Castro 0-0: Ball
1-0: Foul Ball, location: 2F
1-1: Foul Ball, location: 2F
1-2: Ball
2-2: Strikes out swinging
Batting: RHB Ambrose Brown 0-0: Foul Ball, location: 2F
0-1: Foul Ball, location: 2F
0-2: Ground out 1-3 (Groundball, 15)
Batting: RHB Pepe Chávez 0-0: Called Strike
0-1: DOUBLE (Flyball, 78M)
Batting: RHB Will Stafford 0-0: Ball
1-0: Ball
2-0: Ball
3-0: Base on Balls
Batting: RHB Kane Cooper 0-0: Ball
1-0: Fielders Choice at 2nd, U6 (Groundball, 6M)
Top of the 2nd over - 0 run(s), 1 hit(s), 0 error(s), 2 left on base; Boston College 2 - Stanford 0
BOTTOM OF THE 2ND
Stanford Cardinal batting - Pitching for Boston College Eagles : RHP Ron McDonald
Batting: RHB Fernando Vargas 0-0: Called Strike
0-1: Fly out, F5 (Popup, 25F)
Batting: SHB Barney Hudson 0-0: Foul Ball, location: 2F
0-1: Ball
1-1: Ball
2-1: Swinging Strike
2-2: Ball
3-2: Foul Ball, location: 2F
3-2: SINGLE (Groundball, 4MD)
Batting: RHB Carlos Franco 0-0: Ball
1-0: Grounds into double play, 4-6-3 (Groundball, 4)
Bottom of the 2nd over - 0 run(s), 1 hit(s), 0 error(s), 0 left on base; Boston College 2 - Stanford 0
TOP OF THE 3RD
Boston College Eagles batting - Pitching for Stanford Cardinal : RHP Cooper Tillman
Batting: RHB Emory Brooks 0-0: Called Strike
0-1: Foul Ball, location: 2F
0-2: Fly out, F2 (Popup, 2LF)
Batting: LHB Dave Cook 0-0: Ball
1-0: Ball
2-0: Ball
3-0: Base on Balls
Batting: RHB Vernon Sterling 0-0: Ground out 4-3 (Groundball, 4M)
Dave Cook to second
Batting: RHB Mike Martin 0-0: Called Strike
0-1: Ball
1-1: Ball
2-1: Called Strike
2-2: Foul Ball, location: 2F
2-2: Ball
3-2: SINGLE (Line Drive, 8RS)
Dave Cook to third
Dave Cook scores
Batting: SHB Felipe Castro 0-0: Ball
1-0: Called Strike
1-1: Fielders Choice at 2nd, U6 (Groundball, 6M)
Top of the 3rd over - 1 run(s), 1 hit(s), 0 error(s), 1 left on base; Boston College 3 - Stanford 0
BOTTOM OF THE 3RD
Stanford Cardinal batting - Pitching for Boston College Eagles : RHP Ron McDonald
Batting: RHB Foster Robinson 0-0: Ball
1-0: Foul Ball, location: 2F
1-1: Hit by Pitch
Batting: LHB Roderick Delgado 0-0: SINGLE (Line Drive, 6M)
Foster Robinson to second
Batting: LHB Caleb Hall 0-0: Fly out, F4 (Popup, 4D)
Batting: SHB Dave Henley 0-0: Swinging Strike
0-1: Called Strike
0-2: Ball
1-2: Foul Ball, location: 2F
1-2: SINGLE (Flyball, 7S)
Foster Robinson to third
Roderick Delgado to second
Runner from 3rd tries for Home, SAFE, throw made home
Roderick Delgado to third
Dave Henley to second
Batting: LHB Alberto Roberts 0-0: Ball
1-0: Swinging Strike
Passed Ball!
Roderick Delgado scores
Dave Henley to third
1-1: Called Strike
1-2: Strikes out swinging
Batting: LHB Frank Young 0-0: Ball
1-0: Called Strike
1-1: Ball
2-1: Swinging Strike
2-2: Ball
3-2: Foul Ball, location: 2F
3-2: SINGLE (Flyball, 56D)
Dave Henley scores
Batting: RHB Fernando Vargas 0-0: Ball
1-0: DOUBLE (Flyball, 8RM)
Frank Young to third
Runner from 3rd tries for Home, SAFE, no throw or cutoff
Batting: SHB Barney Hudson 0-0: Ball
1-0: Called Strike
1-1: Ball
2-1: Foul Ball, location: 2F
2-2: Strikes out swinging
Bottom of the 3rd over - 4 run(s), 4 hit(s), 0 error(s), 1 left on base; Boston College 3 - Stanford 4
TOP OF THE 4TH
Boston College Eagles batting - Pitching for Stanford Cardinal : RHP Cooper Tillman
Batting: RHB Ambrose Brown 0-0: Called Strike
0-1: SOLO HOME RUN (Flyball, 7LD), Distance : 329 ft
Batting: RHB Pepe Chávez 0-0: Ground out 6-3 (Groundball, 6)
Batting: RHB Will Stafford 0-0: Ball
1-0: Ground out 6-3 (Groundball, 6)
Batting: RHB Kane Cooper 0-0: Called Strike
0-1: Ball
1-1: Ground out 6-3 (Groundball, 6)
Top of the 4th over - 1 run(s), 1 hit(s), 0 error(s), 0 left on base; Boston College 4 - Stanford 4
BOTTOM OF THE 4TH
Stanford Cardinal batting - Pitching for Boston College Eagles : RHP Ron McDonald
Batting: RHB Carlos Franco 0-0: Called Strike
0-1: Bunt for hit - play at first, batter safe!
Batting: RHB Foster Robinson 0-0: Called Strike
0-1: Foul Ball, location: 2F
0-2: Strikes out swinging
Batting: LHB Roderick Delgado 0-0: Foul Ball, location: 2F
0-1: Ball
1-1: Called Strike
1-2: Ball
Carlos Franco is caught stealing 2nd base
2-2: Ball
3-2: Fly out, F5 (Popup, 6)
Bottom of the 4th over - 0 run(s), 1 hit(s), 0 error(s), 0 left on base; Boston College 4 - Stanford 4
TOP OF THE 5TH
Boston College Eagles batting - Pitching for Stanford Cardinal : RHP Cooper Tillman
Batting: RHB Emory Brooks 0-0: Ball
1-0: Ball
2-0: Ball
3-0: Base on Balls
Batting: LHB Dave Cook 0-0: Ball
1-0: Foul Ball, location: 2F
1-1: Called Strike
1-2: Fly out, F7 (Flyball, 78M)
Batting: RHB Vernon Sterling 0-0: Called Strike
0-1: Foul Ball, location: 2F
0-2: Ball
1-2: Ball
2-2: Ball
3-2: Foul Ball, location: 2F
3-2: Base on Balls
Emory Brooks to second
Batting: RHB Mike Martin 0-0: Foul Ball, location: 2F
0-1: Swinging Strike
0-2: Ball
1-2: Ball
2-2: SINGLE (Groundball, 5D)
Emory Brooks to third
Vernon Sterling to second
Pitching: RHP Devin Brown
Batting: SHB Felipe Castro 0-0: Called Strike
0-1: Foul Ball, location: 2F
0-2: Foul Ball, location: 2F
0-2: Ball
1-2: Ball
2-2: Foul Ball, location: 2F
2-2: Grounds into double play, 4-6-3 (Groundball, 34)
Top of the 5th over - 0 run(s), 1 hit(s), 0 error(s), 2 left on base; Boston College 4 - Stanford 4
BOTTOM OF THE 5TH
Stanford Cardinal batting - Pitching for Boston College Eagles : RHP Ron McDonald
Batting: LHB Caleb Hall 0-0: Ball
1-0: Fly out, F1 (Line Drive, 15)
Batting: SHB Dave Henley 0-0: Ball
1-0: Bunt for hit - play at first, batter OUT! 1-3
Batting: LHB Alberto Roberts 0-0: Ball
1-0: Hit by Pitch
Batting: LHB Frank Young 0-0: Called Strike
0-1: Called Strike
0-2: Ball
1-2: Foul Ball, location: 2F
1-2: Ball
2-2: SINGLE (Line Drive, 6D)
Alberto Roberts to second
Batting: RHB Fernando Vargas 0-0: Ball
1-0: Foul Ball, location: 2F
1-1: Swinging Strike
1-2: Strikes out swinging
Bottom of the 5th over - 0 run(s), 1 hit(s), 0 error(s), 2 left on base; Boston College 4 - Stanford 4
TOP OF THE 6TH
Boston College Eagles batting - Pitching for Stanford Cardinal : RHP Devin Brown
Batting: RHB Ambrose Brown 0-0: Ball
1-0: Ball
2-0: Ground out 6-3 (Groundball, 6)
Batting: RHB Pepe Chávez 0-0: Foul Ball, location: 2F
0-1: Called Strike
0-2: Strikes out swinging
Batting: RHB Will Stafford 0-0: Ball
1-0: Ball
2-0: Called Strike
2-1: Fly out, F7 (Flyball, 78M)
Top of the 6th over - 0 run(s), 0 hit(s), 0 error(s), 0 left on base; Boston College 4 - Stanford 4
BOTTOM OF THE 6TH
Stanford Cardinal batting - Pitching for Boston College Eagles : RHP Ron McDonald
Batting: SHB Barney Hudson 0-0: Called Strike
0-1: Swinging Strike
0-2: Foul Ball, location: 2F
0-2: Fly out, F8 (Flyball, 8RM)
Batting: RHB Carlos Franco 0-0: Ball
1-0: Called Strike
1-1: Swinging Strike
1-2: Ball
2-2: Foul Ball, location: 2F
2-2: Ball
3-2: Ground out 6-3 (Groundball, 6M)
Batting: RHB Foster Robinson 0-0: Called Strike
0-1: Ground out 4-3 (Groundball, 4M)
Bottom of the 6th over - 0 run(s), 0 hit(s), 0 error(s), 0 left on base; Boston College 4 - Stanford 4
TOP OF THE 7TH
Boston College Eagles batting - Pitching for Stanford Cardinal : RHP Devin Brown
Batting: RHB Kane Cooper 0-0: Swinging Strike
0-1: Ball
1-1: Ball
2-1: Ground out 6-3 (Groundball, 6)
Pitching: RHP Earl Garza
Batting: RHB Emory Brooks 0-0: Called Strike
0-1: Swinging Strike
0-2: Ball
1-2: Strikes out swinging
Batting: LHB Dave Cook 0-0: Foul Ball, location: 2F
0-1: Ball
1-1: Ball
2-1: Ball
3-1: Called Strike
3-2: Base on Balls
Batting: RHB Vernon Sterling 0-0: Called Strike
0-1: Ball
1-1: SINGLE (Line Drive, 56D)
Dave Cook to second
Pinch Runner at 2nd Wade Ayers:
Batting: RHB Mike Martin 0-0: Ball
1-0: 3-RUN HOME RUN (Flyball, 7D), Distance : 360 ft
Pitching: RHP Ricardo Gutiérrez
Batting: SHB Felipe Castro 0-0: Ball
1-0: Foul Ball, location: 2F
1-1: Ground out 4-3 (Groundball, 4)
Top of the 7th over - 3 run(s), 2 hit(s), 0 error(s), 0 left on base; Boston College 7 - Stanford 4
BOTTOM OF THE 7TH
Stanford Cardinal batting - Pitching for Boston College Eagles : RHP Ron McDonald
Pitching: LHP Bennett White
Now in CF: Wade Ayers
Batting: LHB Roderick Delgado 0-0: Ball
1-0: Ball
2-0: Ball
3-0: Called Strike
3-1: Base on Balls
Batting: LHB Caleb Hall 0-0: Called Strike
0-1: Ball
Wild Pitch!
Roderick Delgado to second
1-1: Called Strike
1-2: Foul Ball, location: 2F
1-2: SINGLE (Line Drive, 89S)
Roderick Delgado to third
Runner from 3rd tries for Home, SAFE, no throw or cutoff
Batting: SHB Dave Henley 0-0: Ball
1-0: Ball
2-0: Foul Ball, location: 2F
2-1: SINGLE (Line Drive, 89S)
Caleb Hall to second
Batting: LHB Alberto Roberts 0-0: Sac Bunt - play at first, batter OUT! 1-3
Caleb Hall to third
Dave Henley to second
Batting: LHB Frank Young 0-0: Called Strike
0-1: Ball
1-1: Ball
Wild Pitch!
Caleb Hall scores
Dave Henley to third
2-1: Ball
3-1: Base on Balls
Batting: RHB Fernando Vargas 0-0: Ball
Frank Young steals 2nd base
1-0: Ball
2-0: Ball
3-0: Base on Balls
Batting: SHB Barney Hudson 0-0: Ball
1-0: Ball
2-0: Grounds into double play, 4-6-3 (Groundball, 4)
Bottom of the 7th over - 2 run(s), 2 hit(s), 0 error(s), 2 left on base; Boston College 7 - Stanford 6
TOP OF THE 8TH
Boston College Eagles batting - Pitching for Stanford Cardinal : RHP Ricardo Gutiérrez
Batting: RHB Ambrose Brown 0-0: Called Strike
0-1: Ground out 5-3 (Groundball, 5S)
Batting: RHB Pepe Chávez 0-0: Ball
1-0: Ball
2-0: Called Strike
2-1: Swinging Strike
2-2: Hit by Pitch
Batting: RHB Will Stafford 0-0: Ball
1-0: Ball
2-0: Ball
Pepe Chávez steals 2nd base
3-0: Called Strike
3-1: Base on Balls
Batting: RHB Kane Cooper 0-0: Foul Ball, location: 2F
0-1: Ball
1-1: Ball
2-1: Foul Ball, location: 2F
2-2: Ball
3-2: Base on Balls
Pepe Chávez to third
Will Stafford to second
Batting: RHB Emory Brooks 0-0: Ball
1-0: Ball
2-0: Swinging Strike
2-1: Foul Ball, location: 2F
2-2: Foul Ball, location: 2F
2-2: Strikes out swinging
Batting: RHB Wade Ayers 0-0: Foul Ball, location: 2F
0-1: Ball
1-1: Ball
2-1: Ground out 6-3 (Groundball, 6)
Top of the 8th over - 0 run(s), 0 hit(s), 0 error(s), 3 left on base; Boston College 7 - Stanford 6
BOTTOM OF THE 8TH
Stanford Cardinal batting - Pitching for Boston College Eagles : LHP Bennett White
Pitching: LHP Lou Gill
Batting: RHB Carlos Franco 0-0: Ball
1-0: Ball
2-0: Ball
3-0: Called Strike
3-1: Base on Balls
Pitching: RHP Carlos Flores
Batting: RHB Foster Robinson 0-0: Bunt - Flyout! F2
Pitching: LHP Tony McCullough
Batting: LHB Roderick Delgado 0-0: SINGLE (Line Drive, 7S)
Carlos Franco to second
Pinch Hitting: RHB Markus Cummins 0-0: Swinging Strike
0-1: Called Strike
0-2: Strikes out looking
Batting: SHB Dave Henley 0-0: Called Strike
0-1: Fly out, F4 (Popup, 4MD)
Bottom of the 8th over - 0 run(s), 1 hit(s), 0 error(s), 2 left on base; Boston College 7 - Stanford 6
TOP OF THE 9TH
Boston College Eagles batting - Pitching for Stanford Cardinal : RHP Ricardo Gutiérrez
Pitching: LHP Miguel Muńíz
Now at 3B: Markus Cummins
Batting: RHB Vernon Sterling 0-0: Ball
1-0: Called Strike
1-1: Fly out, F7 (Flyball, 78XD)
Batting: RHB Mike Martin 0-0: Ball
1-0: Ball
2-0: Foul Ball, location: 2F
2-1: Ground out 6-3 (Groundball, 6M)
Batting: SHB Felipe Castro 0-0: Swinging Strike
0-1: Ground out 5-3 (Groundball, 56)
Top of the 9th over - 0 run(s), 0 hit(s), 0 error(s), 0 left on base; Boston College 7 - Stanford 6
BOTTOM OF THE 9TH
Stanford Cardinal batting - Pitching for Boston College Eagles : LHP Tony McCullough
Pitching: RHP Manuel Cruz
Batting: LHB Alberto Roberts 0-0: Ground out 4-3 (Groundball, 4)
Batting: LHB Frank Young 0-0: Called Strike
0-1: Ground out 6-3 (Groundball, 6)
Batting: RHB Fernando Vargas 0-0: Ground out U3 (Groundball, 3L)
Bottom of the 9th over - 0 run(s), 0 hit(s), 0 error(s), 0 left on base; Boston College 7 - Stanford 6
This league is powered by Out of the Park Baseball, the baseball management simulation game for PC, Mac and Linux
Saturday, April 9th, 2016 - OOTP Baseball 16.8 Build 38